 Dungeon Crawl Stone Soup version 0.30-a0-1043-g60ff8d5f49 (webtiles) character file.

Game seed: 10081006382617079804

29596 Newt the Spear-Bearer (level 13, -9/70 (78) HPs)
             Began as a Demonspawn Gladiator on Apr 10, 2023.
             Was a Priest of Hepliaklqana.
             Mangled by a pharaoh ant (14 damage)
             ... on level 2 of the Lair of Beasts.
             The game lasted 00:14:20 (12679 turns).

Newt the Spear-Bearer (Demonspawn Gladiator)       Turns: 12679, Time: 00:14:21

HP:   -9/70 (78)    AC: 11    Str: 24    XL:     13   Next: 16%
MP:   30/30         EV: 19    Int: 19    God:    Hepliaklqana [***...]
Gold: 982           SH:  0    Dex: 22    Spells: 20/22 levels left

rFire   + . .      SeeInvis +    B - +12 spear "Qoen" {venom, Fly Str-3 Int+6}
rCold   . . .      Faith    .    (no shield)
rNeg    . . .      Spirit   .    U - +0 troll leather armour
rPois   +          Reflect  .    Z - +3 hat of Pondering {ponderous, Will+ MP+10 Int+5}
rElec   .          Rampage  .    N - +0 cloak {rPois}
rCorr   +          Clarity  +    C - +0 pair of gloves
Will    +....                    (no boots)
Stlth   +++                      f - amulet of Charity {Acrobat rC+ Will- Dex+7 SInv}
HPRegen 1.11/turn                I - ring of Pewnol {+Blink Fly rPois Will+}
MPRegen 0.22/turn                P - ring of Kunnu {Fire rCorr Str+4 Stlth+}

@: flying, heavily drained, slow
A: reduced essence, antennae 2, repulsion field 2, ignite blood 3, clarity,
frail 1, strong 1
a: Renounce Religion, Evoke Blink, Recall Ancestor, Ancestor Identity,
Transference


You were on level 2 of the Lair of Beasts.
You worshipped Hepliaklqana.
Hepliaklqana was most pleased with you.
You visited 3 branches of the dungeon, and saw 15 of its levels.

You collected 1177 gold pieces.
You spent 195 gold pieces at shops.

Inventory:

Hand Weapons
 B - the +12 spear "Qoen" (weapon) {venom, Fly Str-3 Int+6}
   (You found it on level 3 of the Dungeon)

   Str:       It affects your strength (-3).
   Int:       It affects your intelligence (+6).
   Fly:       It grants you flight.
Missiles
 d - 5 throwing nets
 e - 3 javelins
 o - 5 atropa-tipped darts
 y - 8 boomerangs
 D - 28 poisoned darts
 O - 5 silver javelins
Armour
 C - a +0 pair of gloves (worn)
 N - a +0 cloak of poison resistance (worn)
 U - a +0 troll leather armour (worn)
 Z - the +3 hat of Pondering (worn) {ponderous, Will+ MP+10 Int+5}
   (You found it on level 10 of the Dungeon)

   Int:       It affects your intelligence (+5).
   MP:        It affects your magic capacity (+10).
   Will:      It increases your willpower.
Jewellery
 b - a +5 ring of evasion
 f - the amulet of Charity (around neck) {Acrobat rC+ Will- Dex+7 SInv}
   (You acquired it on level 2 of the Dungeon)

   [amulet of the acrobat]

   It increases your evasion while moving and waiting.
   Dex:       It affects your dexterity (+7).
   rC:        It protects you from cold.
   SInv:      It lets you see invisible.
   Will:      It decreases your willpower.
 h - the ring "Pyschor" {rN+ EV+5}
   (You found it on level 1 of the Lair of Beasts)

   [ring of evasion]

   EV:        It affects your evasion (+5).
   rN:        It protects you from negative energy.
 i - an amulet of regeneration
 n - a ring of fire
 x - an amulet of faith
 I - the ring of Pewnol (left hand) {+Blink Fly rPois Will+}
   (You acquired it on level 5 of the Dungeon)

   [ring of flight]

   rPois:     It protects you from poison.
   Fly:       It grants you flight.
   +Blink:    It lets you blink.
   Will:      It increases your willpower.
 P - the ring of Kunnu (right hand) {Fire rCorr Str+4 Stlth+}
   (You found it on level 7 of the Dungeon)

   [ring of fire]

   It enhances your fire magic.
   Str:       It affects your strength (+4).
   rF:        It protects you from fire.
   rC:        It makes you vulnerable to cold.
   rCorr:     It protects you from acid and corrosion.
   Stlth:     It makes you more stealthy.
Wands
 r - a wand of digging (6)
 L - a wand of polymorph (16)
 M - a wand of light (3)
 T - a wand of flame (22)
 Y - a wand of mindburst (5)
Scrolls
 a - a scroll of enchant armour
 c - 2 scrolls of fog
 l - 5 scrolls of teleportation
 m - 2 scrolls of magic mapping
 v - 3 scrolls of fear
 G - a scroll of enchant weapon
 J - 2 scrolls of brand weapon
 K - a scroll of immolation
 R - 2 scrolls of silence
 S - a scroll of blinking
Potions
 g - 2 potions of mutation
 j - 4 potions of brilliance
 k - a potion of cancellation {unknown}
 p - 3 potions of haste
 q - 3 potions of lignification
 s - 3 potions of ambrosia {unknown}
 t - 9 potions of heal wounds
 u - 2 potions of invisibility
 w - 3 potions of might
 z - 7 potions of curing
 E - 3 potions of magic {unknown}
 H - 2 potions of berserk rage
 Q - a potion of flight
Miscellaneous
 V - a phial of floods


   Skills:
 - Level 8.0 Fighting
 - Level 4.0 Short Blades
 - Level 14.0 Polearms
 - Level 1.7 Throwing
 - Level 8.0 Armour
 - Level 6.0 Dodging
 + Level 5.1 Spellcasting
 + Level 5.1 Transmutations
 - Level 6.0 Evocations


You had 20 spell levels left.
You knew the following spells:

 Your Spells              Type           Power      Damage    Failure   Level
a - Wereblood             Tmut           24%        N/A       2%          2

Your spell library contained the following spells:

 Spells                   Type           Power      Damage    Failure   Level
 Beastly Appendage        Tmut           48%        N/A       1%          1
 Passwall                 Tmut/Erth      11%        N/A       7%          2
 Apportation              Tloc           8%         N/A       14%         1
 Kiss of Death            Conj/Necr      16%        2d6       14%         1
 Necrotise                Necr           16%        1d4       14%         1
 Summon Small Mammal      Summ           16%        N/A       14%         1
 Spider Form              Tmut/Pois      14%        N/A       14%         3
 Ensorcelled Hibernation  Hex/Ice        8%         N/A       21%         2
 Lesser Beckoning         Tloc           8%         N/A       21%         2
 Scorch                   Fire           14%        2d6       21%         2
 Confusing Touch          Hex            4%         N/A       38%         3
 Gell's Gravitas          Tloc           4%         N/A       38%         3
 Ozocubu's Armour         Ice            4%         N/A       38%         3
 Swiftness                Air            4%         N/A       38%         3
 Teleport Other           Tloc           4%         N/A       38%         3
 Tukima's Dance           Hex            4%         N/A       38%         3
 Vhi's Electric Charge    Tloc/Air       8%         N/A       38%         3
 Yara's Violent Unravell  Hex/Tmut       7%         3d5       78%         5
 Anguish                  Hex/Necr       2%         N/A       80%         4
 Animate Dead             Necr           4%         N/A       80%         4
 Cause Fear               Hex            2%         N/A       80%         4
 Dispel Undead            Necr           4%         3d7       80%         4
 Flame Wave               Conj/Fire      7%         2d5       80%         4
 Passage of Golubria      Tloc           4%         N/A       80%         4
 Arcjolt                  Conj/Air       2%         1d12      98%         5
 Plasma Beam              Fire/Air       3%         2x1d15    100%        6
 Summon Cactus Giant      Summ           2%         N/A       100%        6
 Dragon Form              Tmut           12%        N/A       100%        7
 Enfeeble                 Hex            2%         N/A       100%        7
 Haunt                    Necr/Summ      2%         N/A       100%        7
 Ozocubu's Refrigeration  Ice            2%         4d7       100%        7
 Infestation              Necr           2%         N/A       100%        8
 Dragon's Call            Summ           2%         N/A       100%        9


Dungeon Overview and Level Annotations

Branches:
Dungeon (12/15)            Temple (1/1) D:5            Lair (2/5) D:10
 Spider (0/4) Lair:2          Orc (0/2) D:10
  Swamp: Lair:2-3    Shoals: Lair:2-3

Altars:
Ashenzari
Cheibriados
Dithmenos
Fedhas
Gozag
Hepliaklqana
Kikubaaqudgha
Makhleb
Nemelex Xobeh
Okawaru
Qazlal
Ru
Sif Muna
Trog
Uskayaw
Vehumet
Wu Jian
Xom
Yredelemnul

Shops:
D:6 [   D:11 :   D:12 !


Innate Abilities, Weirdness & Mutations

Your life essence is reduced to manifest your ancestor. (-10% HP)
You have a pair of antennae on your head.
You are surrounded by a moderate repulsion field. (EV +3)
Your demonic aura causes all spilled blood to erupt in flames.
You possess an exceptional clarity of mind.
You are frail. (-10% HP)
Your muscles are strong. (Str +4, Int/Dex -1)


Message History

The black mamba closely misses you.
Ingiyab hits the black mamba with a +0 flail!
The black mamba dies!
No target in view!
No target in view!
You sense a monster nearby.
A pharaoh ant comes into view.
Found a hole to the Spider Nest.
A pharaoh ant is nearby!
A bullfrog comes into view. 2 tarantellas come into view.
The pharaoh ant gives a chilling moan.
The tarantella's many legs skitter faintly.
You strike the helpless tarantella from behind!
You puncture the tarantella!
The tarantella looks as sick as possible!
The tarantella is heavily wounded.
The tarantella completely misses you.
You puncture the tarantella!
You kill the tarantella!
You reach to attack!
You puncture the pharaoh ant!
The pharaoh ant is moderately damaged.
You hit the pharaoh ant.
The pharaoh ant is moderately damaged.
The pharaoh ant barely misses you.
You barely miss the pharaoh ant.
The pharaoh ant is moderately damaged.
The pharaoh ant misses you.
You puncture the pharaoh ant!
The pharaoh ant is heavily damaged.
You closely miss the pharaoh ant.
The pharaoh ant is heavily damaged.
The pharaoh ant bites you!!
You feel drained.
You puncture the pharaoh ant!
The pharaoh ant is almost destroyed.
The tarantella is engulfed in blazing flames.
The tarantella touches you. The pharaoh ant bites you!!
* * * LOW HITPOINT WARNING * * *
You feel drained.
You die...

###.#........##P.......
........................
...........P...#....F...
........................
.#.>......##............
###......##P............
.##...........?.........
....#....#†......R......
....##........##@#...##
.##...#.......#.sB# ..#
..............#..... #
..#..+.#....#.........
...............#....>..#
..#..#..................
.#..##..................
...##P..#...............
.###.............


You could see the friendly Ingiyab the knight, a pharaoh ant (ally target), a
tarantella and a bullfrog.

Vanquished Creatures
  Harold (D:10)
  A centaur warrior (D:12)
  A catoblepas (Lair:2)
  Erica (D:8)
  3 two-headed ogres
  A boulder beetle (D:12)
  The ghost of abessonov the Slasher, a novice DrCA of Ignis (D:7)
  Sonja (D:10)
  2 manticores
  A cyclops (D:12)
  12 elephants (Lair:2)
  A rust devil (D:10)
  Joseph (D:8)
  4 cane toads (Lair:2)
  The ghost of Gardakan the Firebug, a novice DgFE (D:5)
  2 komodo dragons (Lair:1)
  A rime drake (Lair:1)
  A kobold demonologist (D:10)
  An efreet (D:12)
  4 trolls
  A meliai (D:9)
  A polar bear (Lair:2)
  Prince Ribbit (D:9)
  3 blink frogs (Lair:2)
  A tyrant leech (D:12)
  A tarantella (Lair:2)
  Sigmund (D:3)
  A vampire (D:9)
  4 wyverns
  26 yaks
  2 basilisks
  2 steam dragons
  7 water moccasins
  3 swamp worms (D:12)
  3 acid dragons
  3 orc warriors
  5 ice beasts
  2 black bears
  4 ogres
  12 centaurs
  3 phantoms
  3 kobold brigands
  9 bullfrogs
  A necrophage (D:5)
  A gnoll sergeant (D:11)
  A scorpion (D:5)
  12 wights
  A hornet simulacrum (D:7)
  11 killer bees
  7 howler monkeys
  A bullfrog skeleton (D:5)
  2 hounds
  A jelly (D:6)
  Crazy Yiuf (D:2)
  2 orc priests
  A centaur skeleton (D:5)
  3 iguanas
  A sleepcap (D:4)
  5 orc wizards
  A centaur simulacrum (D:7)
  14 gnolls
  A howler monkey skeleton (D:5)
  8 adders
  4 white imps
  An ufetubus (D:7)
  2 worms (D:2)
  4 dart slugs
  18 orcs
  4 bats
  5 endoplasms
  2 giant cockroaches
  4 goblins
  6 hobgoblins
  6 jackals (D:3)
  3 quokkas
  2 ball pythons
  17 kobolds
  5 rats
297 creatures vanquished.

Vanquished Creatures (collateral kills)
  A black mamba (Lair:2)
  A wyvern (Lair:2)
  A bullfrog (Lair:1)
3 creatures vanquished.

Vanquished Creatures (others)
  A wizard (D:5)
  4 fungi
  27 plants
32 creatures vanquished.

Grand Total: 332 creatures vanquished

Notes
Turn   | Place    | Note
-------+----------+-------------------------------------------
     0 | D:1      | Newt the Demonspawn Gladiator began the quest for the Orb.
     0 | D:1      | Reached XP level 1. HP: 16/16 MP: 1/1
   275 | D:1      | Gained mutation: You have a pair of small antennae on your
                  | head. [demonic ancestry]
   275 | D:1      | Reached XP level 2. HP: 11/23 MP: 2/2
  1001 | D:1      | Reached XP level 3. HP: 29/29 MP: 3/3
  1205 | D:2      | Identified a scroll of acquirement
  1205 | D:2      | Acquired the amulet of Charity {Acrobat rC+ Will- Dex+7
                  | SInv}
  1540 | D:2      | Gained mutation: You are surrounded by a mild repulsion
                  | field. (EV +2) [demonic ancestry]
  1540 | D:2      | Reached XP level 4. HP: 38/38 MP: 4/4
  1670 | D:2      | Found a runed translucent door.
  1671 | D:2      | Noticed Crazy Yiuf
  1969 | D:2      | Killed Crazy Yiuf
  2124 | D:3      | Reached skill level 5 in Fighting
  2137 | D:3      | Identified the +2 ring mail "Ucsaxamp" {Rampage +Inv rF-}
  2532 | D:3      | Found an opulent altar of Gozag.
  2733 | D:3      | Noticed Sigmund
  2737 | D:3      | Killed Sigmund
  2738 | D:3      | Reached XP level 5. HP: 44/44 MP: 5/5
  2738 | D:3      | Gained mutation: Your demonic aura sometimes causes spilled
                  | blood to erupt in flames. [demonic ancestry]
  2738 | D:3      | Reached XP level 6. HP: 51/51 MP: 6/6
  2788 | D:3      | Identified the +12 spear "Qoen" {venom, Fly Str-3 Int+6}
  3124 | D:4      | Found an ornate altar of the Wu Jian Council.
  3604 | D:4      | Gained mutation: Your demonic aura often causes spilled
                  | blood to erupt in flames. [demonic ancestry]
  3604 | D:4      | Reached XP level 7. HP: 56/56 MP: 7/7
  3653 | D:4      | Found a hide-covered altar of Uskayaw.
  3666 | D:5      | Entered Level 5 of the Dungeon
  3899 | D:5      | Reached skill level 5 in Armour
  3899 | D:5      | Reached skill level 1 in Polearms
  3904 | D:5      | Reached skill level 2 in Polearms
  3910 | D:5      | Reached skill level 3 in Polearms
  4050 | D:5      | Found a bloodstained altar of Trog.
  4051 | D:5      | Noticed a wizard
  4056 | D:5      | Killed a wizard
  4107 | D:5      | Found a staircase to the Ecumenical Temple.
  4118 | Temple   | Entered the Ecumenical Temple
  4300 | D:5      | Found a transporter.
  4304 | D:5      | Noticed Gardakan's ghost (novice DgFE)
  4310 | D:5      | Acquired the ring of Pewnol {+Blink Fly rPois Will+}
  4319 | D:5      | Found a transporter.
  4342 | D:5      | Killed Gardakan's ghost
  4343 | D:5      | Reached skill level 5 in Polearms
  4343 | D:5      | Gained mutation: Your demonic aura causes all spilled blood
                  | to erupt in flames. [demonic ancestry]
  4343 | D:5      | Reached XP level 8. HP: 59/62 MP: 8/8
  4812 | D:6      | Reached skill level 6 in Polearms
  5079 | D:6      | Found Izemoin's Antique Armour Shop.
  5083 | D:6      | Bought an embroidered cloak for 195 gold pieces
  5136 | D:6      | Reached skill level 7 in Polearms
  5271 | D:6      | Gained mutation: You have a pair of antennae on your head.
                  | [demonic ancestry]
  5271 | D:6      | Reached XP level 9. HP: 68/68 MP: 9/9
  5455 | D:6      | Reached skill level 8 in Polearms
  5906 | D:7      | Found a runed translucent gate.
  5907 | D:7      | Found a runed translucent gate.
  5908 | D:7      | Found a runed translucent gate.
  6081 | D:7      | Reached skill level 9 in Polearms
  6203 | D:7      | Reached skill level 10 in Polearms
  6406 | D:7      | Noticed abessonov's ghost (novice DrCA)
  6471 | D:7      | Gained mutation: You are surrounded by a moderate repulsion
                  | field. (EV +3) [demonic ancestry]
  6471 | D:7      | Reached XP level 10. HP: 62/74 MP: 10/10
  6642 | D:7      | Killed abessonov's ghost
  6917 | D:7      | Got the ring of Kunnu {Fire rCorr Str+4 Stlth+}
  6988 | D:8      | Noticed Erica
  6996 | D:8      | Killed Erica
  7006 | D:8      | Found a shimmering altar of Xom.
  7006 | D:8      | Found a shimmering altar of Xom.
  7006 | D:8      | Found a shimmering altar of Xom.
  7006 | D:8      | Found a shimmering altar of Xom.
  7009 | D:8      | Found a shimmering altar of Xom.
  7011 | D:8      | Found a shimmering altar of Xom.
  7011 | D:8      | Found a shimmering altar of Xom.
  7101 | D:8      | Noticed Joseph
  7107 | D:8      | Killed Joseph
  7422 | D:8      | Noticed a cane toad
  7422 | D:8      | Noticed a fire crab
  7445 | D:8      | Noticed a swamp dragon
  7463 | D:9      | Found a radiant altar of Vehumet.
  7496 | D:9      | Noticed a two-headed ogre
  7503 | D:9      | Killed a two-headed ogre
  7602 | D:9      | Found a snail-covered altar of Cheibriados.
  7634 | D:9      | Found a shadowy altar of Dithmenos.
  7693 | D:9      | Found an iron altar of Okawaru.
  7771 | D:9      | Found a hazy altar of Hepliaklqana.
  7802 | D:9      | Found a shimmering blue altar of Sif Muna.
  7823 | D:9      | Became a worshipper of Hepliaklqana the Forgotten
  7994 | D:9      | Noticed Prince Ribbit
  7996 | D:9      | Reached XP level 11. HP: 73/86 MP: 11/11
  7996 | D:9      | Noticed a two-headed ogre
  8000 | D:9      | Killed a two-headed ogre
  8001 | D:9      | Reached skill level 5 in Evocations
  8247 | D:9      | Killed Prince Ribbit
  8653 | D:10     | Entered Level 10 of the Dungeon
  8673 | D:10     | Noticed Harold
  8694 | D:10     | Killed Harold
  8695 | D:10     | Reached skill level 5 in Dodging
  8755 | D:10     | Noticed Sonja
  8763 | D:10     | Killed Sonja
  8821 | D:10     | Found a staircase to the Lair.
  8866 | D:10     | Found the +3 hat of Pondering {ponderous, Will+ MP+10
                  | Int+5}
  8913 | D:10     | Found a staircase to the Orcish Mines.
  9026 | D:10     | Found a basalt altar of Yredelemnul.
  9126 | D:10     | Reached skill level 11 in Polearms
  9176 | D:10     | Found a burning altar of Makhleb.
  9473 | D:11     | Gained mutation: You possess an exceptional clarity of
                  | mind. [potion of mutation]
  9473 | D:11     | Gained mutation: Your muscles are strong. (Str +4, Int/Dex
                  | -1) [potion of mutation]
  9473 | D:11     | Gained mutation: You are frail. (-10% HP) [potion of
                  | mutation]
  9631 | D:11     | Found Puphudiz's Book Boutique.
  9695 | D:11     | Reached * piety under Hepliaklqana
  9787 | D:11     | Found a stormy altar of Qazlal.
  9922 | D:11     | Noticed a two-headed ogre
  9929 | D:11     | Killed a two-headed ogre
  9930 | D:11     | Reached skill level 12 in Polearms
  9930 | D:11     | Reached XP level 12. HP: 73/73 MP: 12/12
 10117 | D:12     | Noticed a boulder beetle
 10131 | D:12     | Killed a boulder beetle
 10151 | D:12     | Noticed a centaur warrior
 10162 | D:12     | Killed a centaur warrior
 10294 | D:12     | Found Etem's Distillery.
 10570 | D:12     | Reached skill level 13 in Polearms
 10577 | D:12     | Identified the staff of air "Nirucrut" {rElec rPois Str+2}
 11507 | Lair:1   | Entered Level 1 of the Lair of Beasts
 11519 | Lair:1   | Reached ** piety under Hepliaklqana
 11520 | Lair:1   | Remembered your ancestor Ingiyab as a knight
 11568 | Lair:1   | Identified the ring "Pyschor" {rN+ EV+5}
 11761 | Lair:1   | Reached skill level 14 in Polearms
 11800 | Lair:1   | Learned a level 2 spell: Wereblood
 12168 | Lair:2   | Noticed a catoblepas
 12184 | Lair:2   | Killed a catoblepas
 12185 | Lair:2   | Reached skill level 1 in Spellcasting
 12185 | Lair:2   | Reached skill level 1 in Transmutations
 12234 | Lair:2   | Reached XP level 13. HP: 42/78 MP: 19/19
 12658 | Lair:2   | Reached *** piety under Hepliaklqana
 12664 | Lair:2   | Reached skill level 5 in Spellcasting
 12664 | Lair:2   | Reached skill level 5 in Transmutations
 12668 | Lair:2   | Found a hole to the Spider Nest.
 12679 | Lair:2   | Mangled by a pharaoh ant

Illustrated notes

Levels and vault maps discovered:
D:1:      scummos_arrival_simple_fountains, layout_basic, st_stairs_2,
          minmay_misc_feat_iff, minmay_crystal_water, kennysheep_nondescript,
          minmay_quantized
D:2:      layout_basic, kennysheep_pointless_box, minmay_bisected,
          uniq_crazy_yiuf_cottage
D:3:      layout_loops_cross, nicolae_gozag_cash_rules_everything_around_me,
          supply_closet_lemuel, dreamdust_princess_bridge, uniq_sigmund
D:4:      layout_loops_ring, nicolae_wu_jian_immortal_techniques,
          mainiacjoe_overflow_alcove_1
D:5:      layout_basic, mainiacjoe_overflow_six_doors_small, trog_wizard,
          minmay_temple_entry_statues_fountains, serial_glass, glass_columns_b,
          glass_columns_a, item_on_display_a, minmay_strange_pillars,
          item_on_display_a, gammafunk_ghost_mausoleum
D:6:      layout_loops_corners, serial_shops, kennysheep_mini
D:7:      layout_basic, gammafunk_ghost_icy, centaur_isle
D:8:      layout_basic, xom_shifter_show, uniq_erica, uniq_joseph
D:9:      layout_rooms, nicolae_dithmenos_through_a_glass_darkly,
          mainiacjoe_overflow_boulevard, mainiacjoe_overflow_brackets,
          lemuel_crystal_altar, mainiacjoe_overflow_large_starburst,
          st_stairs_12, evilmike_minifort, uniq_prince_ribbit1
D:10:     layout_rooms, kennysheep_ying_yang, demons_altar,
          minmay_lair_entry_grove, orc_0_dummy, amcnicky_mini_pool_small,
          uniq_harold, uniq_sonja
D:11:     layout_roguey, serial_shops, shop_coins,
          nicolae_qazlal_scattered_showers
D:12:     layout_stronghold, serial_shops, nicolae_lakefront_shop, worms_lemuel
Temple:   nicolae_temple_bog_church
Lair:1:   layout_hall_layers, columned_hall_lemuel
Lair:2:   layout_long_grid, nicolae_spider_entry_lesser_pyramids,
          nicolae_lair_grazing_beasts [nicolae_sub_lair_graze_edge,
          nicolae_sub_lair_graze_edge, nicolae_sub_lair_graze_edge,
          nicolae_sub_lair_graze_edge], serial_bayou_shore_b, grunt_megastairs_2

Skill      XL: |  1  2  3  4  5  6  7  8  9 10 11 12 13 |
---------------+----------------------------------------+-----
Fighting       | 3 4 5 8 |  8.0
Short Blades   | 4 |  4.0
Armour         | 2 4 5 6 8 |  8.0
Polearms       | 5 7 10 12 14 | 14.0
Evocations     | 4 6 |  6.0
Dodging        | 6 |  6.0
Spellcasting   | 4 5 |  5.1
Transmutations | 4 5 |  5.1
Throwing       | |  1.7

Action                     |  1- 3 |  4- 6 |  7- 9 | 10-12 | 13-15 || total
---------------------------+-------+-------+-------+-------+-------++-------
  Melee: Dagger            |    79 |    50 |       |       |       ||   129
         Rapier            |     3 |       |       |       |       ||     3
         Punch             |     2 |     1 |     4 |     4 |     1 ||    12
         Spear             |       |    40 |   198 |   470 |    48 ||   756
  Throw: Throwing net      |     2 |     1 |       |       |       ||     3
   Cast: Wereblood         |       |       |       |     2 |     1 ||     3
 Invoke: Ancestor Life: Kn |       |       |       |     1 |       ||     1
    Use: Scroll            |     3 |     3 |     6 |    12 |       ||    24
         Potion            |       |       |     3 |     3 |       ||     6
   Stab: Sleeping          |     2 |     3 |     1 |     8 |     3 ||    17
         Distracted        |       |       |       |     2 |     1 ||     3
         Petrified         |       |       |       |    16 |       ||    16
         Petrifying        |       |       |       |     2 |       ||     2
 Armour: Leather armour    |    16 |    15 |       |       |       ||    31
         Ring mail         |       |     7 |    44 |    29 |       ||    80
         Troll leather arm |       |       |       |    31 |       ||    31
  Dodge: Dodged            |    46 |    58 |    99 |   195 |    14 ||   412

Table legend: (Time is in decaauts)
 A = Elapsed time spent in this place.
 B = Non-inter-level travel time spent in this place.
 C = Inter-level travel time spent in this place.
 D = Time resting spent in this place.
 E = Time spent auto-exploring this place.
 F = Levels seen in this place.
 G = Mean time per level.
                   A        B        C        D        E       F      G
               +--------+--------+--------+--------+--------+-----+--------+
         Total |  12646 |  12114 |    532 |   1599 |   8772 |  15 |  843.1 |
       Dungeon |  11287 |  10802 |    485 |   1587 |   7674 |  12 |  940.6 |
        Temple |    167 |    141 |     26 |      0 |    137 |   1 |  167.0 |
          Lair |   1191 |   1170 |     21 |     12 |    960 |   2 |  595.5 |
               +--------+--------+--------+--------+--------+-----+--------+

Top non-repeatable levels by time:
    D:12: 1487 daAuts
     D:1: 1195 daAuts
     D:9: 1163 daAuts
     D:6: 1137 daAuts
     D:7: 1051 daAuts
     D:3: 937 daAuts
     D:5: 902 daAuts
     D:2: 852 daAuts
    D:11: 741 daAuts
     D:4: 701 daAuts
  Lair:1: 668 daAuts
    D:10: 665 daAuts
  Lair:2: 523 daAuts
     D:8: 450 daAuts
  Temple: 167 daAuts
